 Dungeon Crawl Stone Soup version 0.17-a0-1181-gabc46e6 (webtiles) character file.

125 Fluffy the Skirmisher (level 4, -7/38 HPs)
             Began as a Demonspawn Fighter on May 31, 2015.
             Was an Initiate of Okawaru.
             Killed from afar by an orc wizard (8 damage)
             ... with a puff of flame
             ... on level 3 of the Dungeon.
             The game lasted 00:04:42 (2730 turns).

Fluffy the Skirmisher (Demonspawn Fighter)          Turns: 2730, Time: 00:04:42

Health: -7/38      AC:  7    Str: 14    XL:     4   Next: 82%
Magic:  5/5        EV:  6    Int:  9    God:    Okawaru [......]
Gold:   80         SH:  8    Dex: 13    Spells: 0 memorised, 3 levels left

rFire  . . .     SeeInvis .     a - +0 long sword
rCold  . . .     Clarity  .     b - +0 scale mail
rNeg   . . .     SustAt   .     c - +0 shield
rPois  .         Gourm    .     (helmet restricted)
rElec  .         Spirit   .     (no cloak)
rCorr  .         Warding  .     (no gloves)
rMut   .         Stasis   .     (no boots)
MR     .....                    (no amulet)
Stlth  ..........               m - -3 ring of strength (curse)
                                j - -4 ring of slaying (curse)

@: flying, very slightly contaminated, hasted, invisible, very quick, not
resistant to hostile enchantments, extremely unstealthy
A: antennae 1, rugged brown scales 1
a: Renounce Religion


You were on level 3 of the Dungeon.
You worshipped Okawaru.
Okawaru was noncommittal.
You were not hungry.

You visited 1 branch of the dungeon, and saw 3 of its levels.

You collected 80 gold pieces.

Inventory:

Hand weapons
 a - a +0 long sword (weapon)
Armour
 b - a +0 scale mail (worn)
 c - a +0 shield (worn)
Jewellery
 i - an uncursed ring of stealth
 j - a cursed -4 ring of slaying (left hand)
 m - a cursed -3 ring of strength (right hand)
Scrolls
 k - a scroll of amnesia
Potions
 d - a potion of might
 f - a potion of agility
Comestibles
 e - a bread ration
 l - a meat ration


   Skills:
 + Level 3.9 Fighting
 + Level 2.8 Long Blades
 + Level 3.6 Armour
 - Level 2.6 Shields
 + Level 1.8 Invocations


You had 3 spell levels left.
You didn't know any spells.

Dungeon Overview and Level Annotations

Branches:
Dungeon (3/15)

Altars:
Nemelex Xobeh
Okawaru


Innate Abilities, Weirdness & Mutations

You have a pair of small antennae on your head.
You are partially covered in rugged brown scales (AC +1, +3% HP).


Message History

You miss something. Something hits you but does no damage.
You miss something. Something hits you.
* * * LOW HITPOINT WARNING * * *
You miss something.
You hear some strange, mumbled words.
A puff of frost appears from out of thin air!
The puff of frost hits you!
* * * LOW HITPOINT WARNING * * *
Something hits you.
* * * LOW HITPOINT WARNING * * *
Drink which item? (? for menu, Esc to quit)
It was a potion of invisibility.
You fade into invisibility!
Something hits you but does no damage.
You miss something. Something hits you but does no damage.
You closely miss something.
You hear some strange, mumbled words.
A puff of flame appears from out of thin air!
The puff of flame hits you!
You die...

######### ..)......
.. #........
#.##........
..#........
..#........
#.#.)...... #.#@# .
#.#{###### ..
#.ro.....# #..
#........# ..
#........## .#
#.#>......## ####.#
#.#........###....##
....................
###.#############.###


You could see an orc and a rat (wandering).

Vanquished Creatures
  Ijyb (D:2)
  An orc wizard (D:3)
  An adder (D:2)
  3 worms (D:2)
  3 giant geckos
  7 bats
  2 giant cockroaches
  10 hobgoblins
  2 jackals (D:2)
  A ball python (D:1)
  3 giant newts (D:2)
  6 goblins
  5 kobolds
  5 rats
50 creatures vanquished.

Notes
Turn   | Place    | Note
--------------------------------------------------------------
     0 | D:1      | Fluffy the Demonspawn Fighter began the quest for the Orb.
     0 | D:1      | Reached XP level 1. HP: 18/18 MP: 1/1
   177 | D:1      | Gained mutation: You have a pair of small antennae on your head. [demonic ancestry]
   177 | D:1      | Reached XP level 2. HP: 18/24 MP: 2/2
  1089 | D:2      | Reached XP level 3. HP: 10/29 MP: 3/3
  1258 | D:2      | Found an iron altar of Okawaru.
  1266 | D:2      | Became a worshipper of Warmaster Okawaru
  1310 | D:2      | Noticed Ijyb
  1332 | D:2      | Killed Ijyb
  1332 | D:2      | Reached skill level 1 in Invocations
  1668 | D:2      | Gained mutation: You are partially covered in rugged brown scales (AC +1, +3% HP). [demonic ancestry]
  1668 | D:2      | Reached XP level 4. HP: 29/38 MP: 4/4
  2404 | D:2      | Found a sparkling altar of Nemelex Xobeh.
  2727 | D:3      | HP: 1/38 [something (1)]
  2730 | D:3      | Killed from afar by an orc wizard

Vault maps used:
D:1:      dpeg_arrival_tiny_c
D:2:      lemuel_coloured_pillars_altar, nemelex_diamond_rough_becter, uniq_iyjb
D:3:      lemuel_upstairs_altar, nemelex_xobeh_ov_fountains_minmay,
          nicolae_qazlal_general_emergency, roderic_lattice_a,
          kennysheep_generic_room_3, uniq_jessica, uniq_sigmund,
          uniq_crazy_yiuf_cottage

Action                   |  1- 3 |  4- 6 || total
-------------------------+-------+-------++-------
Melee: Long sword        |   218 |   155 ||   373
  Use: Scroll            |     2 |     3 ||     5
       Potion            |       |     3 ||     3
  Eat: Chunk             |     3 |     4 ||     7
